 Dungeon Crawl Stone Soup version 0.25.1-2-g60ff931df9 (webtiles) character file.

Game seed: 7535907660326821729

3334 Desymo99 the Carver (level 9, 0/81 HPs)
             Began as a Minotaur Fighter on Oct 9, 2020.
             Was a Believer of Okawaru.
             Slain by a yak (9 damage)
             ... on level 10 of the Dungeon on Oct 10, 2020.
             The game lasted 00:30:17 (8605 turns).

Desymo99 the Carver (Minotaur Fighter)              Turns: 8605, Time: 00:30:18

Health: 0/81       AC: 14    Str: 22    XL:     9   Next: 71%
Magic:  8/8        EV:  8    Int:  8    God:    Okawaru [**....]
Gold:   551        SH:  9    Dex:  9    Spells: 8/8 levels left

rFire    . . .     SeeInvis .   B - +2 trident (venom)
rCold    . . .     Gourm    .   c - +0 kite shield
rNeg     . . .     Faith    .   b - +0 plate armour
rPois    .         Spirit   .   (helmet restricted)
rElec    .         Reflect  .   G - +0 cloak
rCorr    .         Harm     .   (no gloves)
MR       +....                  t - +0 pair of boots
Stlth    ..........             (no amulet)
HPRegen  0.23/turn              D - ring of protection from magic
MPRegen  0.11/turn              J - +4 ring of evasion

@: no status effects
A: retaliatory headbutt, horns 2
a: Heroism, Renounce Religion


You were on level 10 of the Dungeon.
You worshipped Okawaru.
Okawaru was pleased with you.
You were not hungry.

You visited 2 branches of the dungeon, and saw 11 of its levels.

You collected 593 gold pieces.
You spent 42 gold pieces at shops.

Inventory:

Hand Weapons
 a - a +0 long sword
 h - a +1 whip of freezing
 B - a +2 trident of venom (weapon)
 C - a +4 scimitar
 M - a +2 trident of venom
Missiles
 w - 22 poisoned darts (quivered)
Armour
 b - a +0 plate armour (worn)
 c - a +0 kite shield (worn)
 t - a +0 pair of boots (worn)
 G - a +0 cloak (worn)
Jewellery
 D - a ring of protection from magic (left hand)
 J - a +4 ring of evasion (right hand)
Wands
 x - a wand of flame (21)
 E - a wand of random effects (13)
 F - a wand of enslavement (6)
 O - a wand of polymorph (9)
Scrolls
 g - 2 scrolls of magic mapping {unknown}
 i - 4 scrolls of fog {unknown}
 j - 2 scrolls of enchant armour {unknown}
 k - 4 scrolls of remove curse
 l - 2 scrolls of immolation {unknown}
 m - 2 scrolls of enchant weapon {unknown}
 p - 2 scrolls of fear {unknown}
 q - 5 scrolls of blinking {unknown}
 u - 3 scrolls of random uselessness {unknown}
 v - 2 scrolls of teleportation
 y - a scroll of noise {unknown}
 I - 2 scrolls of identify
 K - a scroll of summoning
Potions
 d - a potion of might
 e - a potion of curing
 n - a potion of ambrosia
 o - a potion of haste
 r - a potion of invisibility
 s - 3 potions of stabbing
 z - 2 potions of brilliance
 A - a potion of flight
 H - a potion of lignification
 L - a potion of cancellation
 N - a potion of degeneration {unknown}
 P - a potion of heal wounds {unknown}
 Q - a potion of mutation {unknown}
Miscellaneous
 R - a lightning rod (4/4)
Comestibles
 f - 18 rations


   Skills:
 + Level 8.0 Fighting
 - Level 11.2 Long Blades
 * Level 9.6 Polearms
 - Level 3.9 Armour
 - Level 4.0 Shields


You had 8 spell levels left.
You didn't know any spells.
Your spell library contained the following spells:

 Spells                   Type           Power        Failure   Level  Hunger
 Animate Skeleton         Necr           N/A          100%        1    ##.....
 Apportation              Tloc           #.....       100%        1    ##.....
 Corona                   Hex            #......      100%        1    ##.....
 Summon Small Mammal      Summ           #...         100%        1    ##.....


Dungeon Overview and Level Annotations

Branches:
Dungeon (10/15)            Temple (1/1) D:6             Orc (0/2) D:9
   Lair: D:8-11

Altars:
Ashenzari
Cheibriados
Dithmenos
Elyvilon
Fedhas
Gozag
Hepliaklqana
Kikubaaqudgha
Makhleb
Nemelex Xobeh
Okawaru
Qazlal
Ru
Sif Muna
Trog
Uskayaw
Vehumet
Wu Jian
Xom
Yredelemnul
Zin
The Shining One

Shops:
D:4 *   D:6 }


Innate Abilities, Weirdness & Mutations

You reflexively headbutt those who attack you in melee.
You have a pair of horns on your head.


Message History

The yak gores you but does no damage.
You puncture the yak!
The yak looks as sick as possible!
You headbutt the yak.
The yak is heavily wounded.
You block the yak's attack. The yak barely misses you.
You block the yak's attack. The yak gores you!
* * * LOW HITPOINT WARNING * * *
The yak gores you but does no damage.
You hit the yak but do no damage.
The yak looks as sick as possible!
You headbutt the yak!
The yak is severely wounded.
The yak looks more healthy.
You block the yak's attack. The yak gores you!
* * * LOW HITPOINT WARNING * * *
The yak completely misses you. The yak gores you but does no damage.
You block the yak's attack.
You hit the yak.
The yak looks as sick as possible!
The yak is severely wounded.
The yak gores you.
* * * LOW HITPOINT WARNING * * *
The yak gores you!
You die...

#....# #....# #....#
.....# #....#### #Y.......
#YY...... #@Y.........# ..
#YY######...####.. #YY#
#......... #YY# #.........
# #..# #.......YY
#..######Y.######.........
#.......Y.................
#...##Y######......# #.
#YYY..Y.#......#


You could see 2 death yaks and 10 yaks.

Vanquished Creatures
  A death yak (D:10)
  Pikel (D:6)
  Psyche (D:8)
  2 wyverns
  An ice beast (D:7)
  An orc warrior (D:6)
  2 ogres
  A centaur (D:8)
  Blork the orc (D:6)
  2 bullfrogs
  4 wights (D:7)
  A crimson imp (D:7)
  A bullfrog zombie (D:8)
  A hound (D:4)
  A jelly (D:10)
  8 orc wizards
  A centaur zombie (D:10)
  A quasit (D:7)
  2 orc priests
  An iguana (D:10)
  Ijyb (D:5)
  2 worker ants
  A killer bee zombie (D:7)
  A hound zombie (D:9)
  A worker ant zombie (D:8)
  7 gnolls
  6 adders
  A shadow imp (D:6)
  2 oozes
  A worm (D:3)
  2 dart slugs
  3 leopard geckos
  33 orcs
  7 giant cockroaches
  7 goblins
  3 hobgoblins (D:3)
  11 jackals
  8 kobolds
  4 quokkas
  A ball python skeleton (D:4)
  4 bats
  2 frilled lizards
  A leopard gecko zombie (D:8)
  A quokka skeleton (D:4)
  11 rats
155 creatures vanquished.

Vanquished Creatures (others)
  2 slaves (D:6)
  A worker ant (D:6)
  A killer bee zombie (D:6)
  A giant cockroach zombie (D:6)
  A jackal zombie (D:6)
6 creatures vanquished.

Grand Total: 161 creatures vanquished

Notes
Turn   | Place    | Note
-------+----------+-------------------------------------------
     0 | D:1      | Desymo99 the Minotaur Fighter began the quest for the Orb.
     0 | D:1      | Reached XP level 1. HP: 19/19 MP: 0/0
   241 | D:1      | Reached XP level 2. HP: 23/27 MP: 1/1
   401 | D:1      | Reached skill level 3 in Long Blades
   508 | D:1      | Reached XP level 3. HP: 26/33 MP: 2/2
  1048 | D:2      | Reached skill level 4 in Long Blades
  1212 | D:2      | Reached XP level 4. HP: 39/40 MP: 3/3
  1929 | D:3      | Reached skill level 5 in Long Blades
  2499 | D:3      | Found an opulent altar of Gozag.
  2776 | D:4      | You fall into a shaft and drop 2 floors!
  2807 | D:6      | Found Xeonoamm's Gadget Shop.
  2833 | D:6      | Reached skill level 6 in Long Blades
  2833 | D:6      | Reached XP level 5. HP: 37/46 MP: 4/4
  2929 | D:6      | Noticed a slave
  2929 | D:6      | Noticed a slave
  2929 | D:6      | Noticed a slave
  2930 | D:6      | Noticed a slave
  2968 | D:6      | Noticed Pikel
  2991 | D:6      | Killed Pikel
  2991 | D:6      | Reached skill level 9 in Long Blades
  2991 | D:6      | Reached XP level 6. HP: 21/52 MP: 5/5
  2991 | D:6      | Reached XP level 7. HP: 24/59 MP: 6/6
  3136 | D:6      | Noticed Blork the orc
  3478 | D:6      | Reached skill level 10 in Long Blades
  3811 | D:6      | Found a staircase to the Ecumenical Temple.
  3821 | D:6      | Killed Blork the orc
  3821 | D:6      | Reached XP level 8. HP: 55/66 MP: 7/7
  4168 | D:5      | Entered Level 5 of the Dungeon
  4183 | D:5      | Reached skill level 11 in Long Blades
  4250 | D:5      | Noticed Ijyb
  4263 | D:5      | Killed Ijyb
  4447 | D:5      | Reached skill level 1 in Polearms
  4823 | D:4      | Found Ycucil's General Store.
  4830 | D:4      | Bought a potion of curing for 42 gold pieces
  5253 | D:4      | Found a bloodstained altar of Trog.
  5464 | Temple   | Entered the Ecumenical Temple
  5484 | Temple   | Became a worshipper of Warmaster Okawaru
  5922 | D:7      | Reached skill level 5 in Fighting
  6352 | D:7      | Reached skill level 5 in Polearms
  6561 | D:8      | Noticed Psyche
  6571 | D:8      | Killed Psyche
  6571 | D:8      | Reached * piety under Okawaru
  6571 | D:8      | Reached XP level 9. HP: 75/75 MP: 8/8
  7209 | D:9      | Reached ** piety under Okawaru
  7251 | D:10     | Entered Level 10 of the Dungeon
  7505 | D:9      | Found a staircase to the Orcish Mines.
  8167 | D:10     | Noticed a death yak
  8197 | D:10     | Killed a death yak
  8559 | D:10     | Noticed a death yak
  8559 | D:10     | Noticed a death yak
  8605 | D:10     | Slain by a yak

Illustrated notes

Levels and vault maps discovered:
D:1:      minmay_arrival_widening_spiral_narrow, layout_loops_ring,
          nrook_mini_vaults
D:2:      layout_loops_ring, first_ration
D:3:      layout_basic, grunt_gozag_statues
D:4:      layout_basic, nicolae_overflow_crystal_walls, serial_shops,
          kennysheep_mini_moat, chequers_serial_rivers_marsh
D:5:      layout_rooms, uniq_ijyb
D:6:      layout_basic, minmay_temple_entry_butterflies, serial_shops, shop,
          uniq_pikel, uniq_blork_the_orc
D:7:      layout_cave_pools
D:8:      layout_basic, uniq_psyche
D:9:      layout_basic, orc_0_dummy, disabler_island
D:10:     layout_irregular_city, dpeg_lair_monsters,
          ebering_ghost_disaster_area, uniq_snorg, uniq_joseph
Temple:   regret_index_temple_sigil_plot

Skill      XL: |  1  2  3  4  5  6  7  8  9 |
---------------+----------------------------+-----
Shields        | 4 |  4.0
Fighting       | 4 6 8 |  8.0
Long Blades    | 3 4 6 9 10 11 | 11.2
Polearms       | 6 9 |  9.6
Armour         | |  3.9

Action                   |  1- 3 |  4- 6 |  7- 9 || total
-------------------------+-------+-------+-------++-------
Melee: Long sword        |    66 |   130 |   113 ||   309
       Headbutt          |     6 |    19 |    53 ||    78
       Trident           |       |       |   226 ||   226
  Use: Scroll            |       |       |    10 ||    10
  Eat: Chunk             |     1 |     6 |    11 ||    18
       Ration            |       |       |     2 ||     2
Armor: Scale mail        |    26 |    49 |    78 ||   153
       Plate armour      |       |       |    76 ||    76
       Skin              |       |       |     4 ||     4
Dodge: Dodged            |    19 |    39 |    71 ||   129
Block: Kite shield       |    24 |    58 |   128 ||   210
       Rpst.: Long sword |     6 |    15 |     8 ||    29
